| TOP OF THE 1ST |
|
West Michigan Whitecaps batting - Pitching for Cedar Rapids Kernels : RHP Felix Perez
|
|
Pitching: RHP Felix Perez
|
|
|
Batting: SHB Willie Medina
|
0-0: Foul Ball, location: 2F 0-1: Ball 1-1: Bunt missed! 1-2: DOUBLE (Flyball, 8RXD, EV 101.2 MPH)
|
|
Batting: LHB George Moran
|
0-0: Swinging Strike 0-1: Foul Ball, location: 2F 0-2: Ground out 6-3 (Groundball, 6, EV 91.2 MPH) Willie Medina to third
|
|
Batting: LHB Dave Carlisle
|
0-0: Called Strike 0-1: Foul Ball, location: 2F 0-2: Ball 1-2: Foul Ball, location: 2F 1-2: Ball 2-2: Foul Ball, location: 2F 2-2: DOUBLE (Flyball, 89XD, EV 108.1 MPH) Willie Medina scores
|
|
Batting: LHB Jamie Christian
|
0-0: Ball 1-0: Ball 2-0: Called Strike 2-1: Ball 3-1: DOUBLE (Flyball, 89XD, EV 106.2 MPH) Dave Carlisle scores
|
|
Batting: LHB Brad Gaskill
|
0-0: Called Strike 0-1: Ball 1-1: Fly out, F5 (Flyball, 5D, EV 90.0 MPH)
|
|
Batting: RHB German Quiroga
|
0-0: Called Strike 0-1: Ball 1-1: Ball 2-1: Swinging Strike 2-2: SINGLE (Groundball, 4D, EV 100.0 MPH) Jamie Christian to third Runner from 3rd tries for Home, SAFE, throw by CF to home
|
|
Batting: RHB Scott Carr
|
0-0: Ball 1-0: Foul Ball, location: 2F 1-1: Foul Ball, location: 2F 1-2: Foul Ball, location: 2F 1-2: Strikes out swinging
|
| Top of the 1st over - 3 runs, 4 hits, 0 errors, 1 left on base; West Michigan 3 - Cedar Rapids 0 |
| BOTTOM OF THE 1ST |
|
Cedar Rapids Kernels batting - Pitching for West Michigan Whitecaps : RHP Dave Valdez
|
|
Pitching: RHP Dave Valdez
|
|
|
Batting: RHB Ton van Dijk
|
0-0: Ball 1-0: Called Strike 1-1: Ball 2-1: Called Strike 2-2: Ball 3-2: Foul Ball, location: 2F 3-2: Foul Ball, location: 2F 3-2: Fly out, F8 (Line Drive, 8RM, EV 95.6 MPH)
|
|
Batting: RHB David McClellan
|
0-0: SINGLE (Line Drive, 7LM, EV 100.0 MPH)
|
|
Batting: LHB Tomas Espino
|
0-0: Called Strike David McClellan is caught stealing 2nd base 2-6 0-1: Ball 1-1: Foul Ball, location: 2F 1-2: SOLO HOME RUN (Flyball, 7D, EV 99.4 MPH), Distance : 370 ft
|
|
Batting: LHB Jon Ventura
|
0-0: Ball 1-0: Fly out, F9 (Flyball, 9S, EV 83.8 MPH)
|
| Bottom of the 1st over - 1 run, 2 hits, 0 errors, 0 left on base; West Michigan 3 - Cedar Rapids 1 |
| TOP OF THE 2ND |
|
West Michigan Whitecaps batting - Pitching for Cedar Rapids Kernels : RHP Felix Perez
|
|
Batting: LHB Steve Herrera
|
0-0: Ball 1-0: Foul Ball, location: 2F 1-1: Foul Ball, location: 2F 1-2: Strikes out swinging
|
|
Batting: RHB Yaremka Rzhevsky
|
0-0: Called Strike 0-1: Ball 1-1: Ball 2-1: Foul Ball, location: 2F 2-2: SINGLE (Groundball, 4MS, EV 63.8 MPH) (infield hit)
|
|
Batting: SHB Willie Medina
|
0-0: Called Strike 0-1: Ball Wild Pitch! Yaremka Rzhevsky to second 1-1: Ground out 6-3 (Groundball, 6, EV 90.0 MPH) Yaremka Rzhevsky to third
|
|
Batting: LHB George Moran
|
0-0: Ball 1-0: Ball 2-0: Called Strike 2-1: Ground out 4-3 (Groundball, 34S, EV 83.8 MPH)
|
| Top of the 2nd over - 0 runs, 1 hit, 0 errors, 1 left on base; West Michigan 3 - Cedar Rapids 1 |
| BOTTOM OF THE 2ND |
|
Cedar Rapids Kernels batting - Pitching for West Michigan Whitecaps : RHP Dave Valdez
|
|
Batting: LHB Brian Wagner
|
0-0: Swinging Strike 0-1: Ball 1-1: Swinging Strike 1-2: Foul Ball, location: 2F 1-2: Ball 2-2: Ball 3-2: Foul Ball, location: 2F 3-2: Base on Balls
|
|
Batting: RHB Alexandre Garcia
|
0-0: Called Strike 0-1: Called Strike 0-2: Grounds into double play, 6-4-3 (Groundball, 6, EV 80.6 MPH)
|
|
Batting: RHB Pat Adams
|
0-0: TRIPLE (Line Drive, 89XD, EV 108.1 MPH)
|
|
Batting: RHB Caleb Bockmann
|
0-0: Ground out 5-3 (Groundball, 56S, EV 78.1 MPH)
|
| Bottom of the 2nd over - 0 runs, 1 hit, 0 errors, 1 left on base; West Michigan 3 - Cedar Rapids 1 |
| TOP OF THE 3RD |
|
West Michigan Whitecaps batting - Pitching for Cedar Rapids Kernels : RHP Felix Perez
|
|
Batting: LHB Dave Carlisle
|
0-0: Called Strike 0-1: Foul Ball, location: 2F 0-2: SINGLE (Line Drive, 8LS, EV 103.1 MPH)
|
|
Batting: LHB Jamie Christian
|
0-0: Foul Ball, location: 2F 0-1: Called Strike 0-2: Ball 1-2: Ball Wild Pitch! Dave Carlisle to second 2-2: SINGLE (Groundball, 34D, EV 103.1 MPH) Dave Carlisle to third
|
|
Batting: LHB Brad Gaskill
|
0-0: Called Strike 0-1: Called Strike 0-2: Ball 1-2: DOUBLE (Flyball, 78XD, EV 103.1 MPH) Dave Carlisle scores Jamie Christian to third
|
|
Batting: RHB German Quiroga
|
0-0: Foul Ball, location: 2F 0-1: Foul Ball, location: 2F 0-2: Strikes out swinging
|
|
Batting: RHB Scott Carr
|
0-0: Ball 1-0: Ball 2-0: Ball 3-0: Called Strike 3-1: Called Strike 3-2: Ground out 4-3 (Groundball, 4, EV 82.5 MPH) Jamie Christian scores Brad Gaskill to third
|
|
Pitching: RHP Scot Abbott
|
|
|
Batting: LHB Steve Herrera
|
0-0: Called Strike 0-1: Foul Ball, location: 2F 0-2: Foul Ball, location: 2F 0-2: Ball 1-2: Ball 2-2: Ball 3-2: Strikes out swinging
|
| Top of the 3rd over - 2 runs, 3 hits, 0 errors, 1 left on base; West Michigan 5 - Cedar Rapids 1 |
| BOTTOM OF THE 3RD |
|
Cedar Rapids Kernels batting - Pitching for West Michigan Whitecaps : RHP Dave Valdez
|
|
Batting: LHB Yasutoshi Hayashi
|
0-0: Called Strike 0-1: Fly out, F8 (Flyball, 8LD, EV 93.8 MPH)
|
|
Batting: RHB Ton van Dijk
|
0-0: Swinging Strike 0-1: Ball 1-1: Ball 2-1: Foul Ball, location: 2F 2-2: DOUBLE (Line Drive, 7LM, EV 105.0 MPH)
|
|
Batting: RHB David McClellan
|
0-0: Called Strike 0-1: Foul Ball, location: 2F 0-2: Fly out, F8 (Flyball, 8LS, EV 88.8 MPH)
|
|
Batting: LHB Tomas Espino
|
0-0: Foul Ball, location: 2F 0-1: Ball 1-1: Fly out, F8 (Flyball, 8LS, EV 95.6 MPH)
|
| Bottom of the 3rd over - 0 runs, 1 hit, 0 errors, 1 left on base; West Michigan 5 - Cedar Rapids 1 |
| TOP OF THE 4TH |
|
West Michigan Whitecaps batting - Pitching for Cedar Rapids Kernels : RHP Scot Abbott
|
|
Batting: RHB Yaremka Rzhevsky
|
0-0: Ball 1-0: Ball 2-0: Foul Ball, location: 2F 2-1: SINGLE (Groundball, 34D, EV 106.2 MPH)
|
|
Batting: SHB Willie Medina
|
0-0: Foul Ball, location: 2F 0-1: Ball 1-1: Fly out, F8 (Flyball, 78M, EV 85.6 MPH)
|
|
Batting: LHB George Moran
|
0-0: Ball 1-0: Called Strike Yaremka Rzhevsky steals 2nd base 1-1: Ground out 4-3 (Groundball, 4, EV 106.9 MPH) Yaremka Rzhevsky to third
|
|
Batting: LHB Dave Carlisle
|
0-0: Foul Ball, location: 2F 0-1: Ball 1-1: SINGLE (Line Drive, 78M, EV 104.4 MPH) Yaremka Rzhevsky scores
|
|
Batting: LHB Jamie Christian
|
0-0: Swinging Strike 0-1: Ball 1-1: Called Strike 1-2: DOUBLE (Line Drive, 3D, EV 102.5 MPH) Dave Carlisle to third
|
|
Batting: LHB Brad Gaskill
|
0-0: Ball 1-0: Called Strike 1-1: Called Strike 1-2: Ball 2-2: Ball 3-2: Foul Ball, location: 2F 3-2: Ground out 6-3 (Groundball, 6, EV 90.6 MPH)
|
| Top of the 4th over - 1 run, 3 hits, 0 errors, 2 left on base; West Michigan 6 - Cedar Rapids 1 |
| BOTTOM OF THE 4TH |
|
Cedar Rapids Kernels batting - Pitching for West Michigan Whitecaps : RHP Dave Valdez
|
|
Batting: LHB Jon Ventura
|
0-0: Ball 1-0: Swinging Strike 1-1: Ball 2-1: Ball 3-1: Called Strike 3-2: Foul Ball, location: 2F 3-2: Base on Balls
|
|
Batting: LHB Brian Wagner
|
0-0: Ball Jon Ventura steals 2nd, throwing error, E2 Jon Ventura to third 1-0: Called Strike 1-1: Ball Passed Ball! Jon Ventura scores 2-1: Ground out 6-3 (Groundball, 4M, EV 104.4 MPH)
|
|
Batting: RHB Alexandre Garcia
|
0-0: Ball 1-0: Called Strike 1-1: Foul Ball, location: 2F 1-2: Ball 2-2: Reached on error, E5 (Groundball, 56, EV 109.4 MPH)
|
|
Batting: RHB Pat Adams
|
0-0: Ball 1-0: Called Strike 1-1: SINGLE (Flyball, 8LS, EV 101.2 MPH) Alexandre Garcia to third Runner from 3rd tries for Home, SAFE, throw by CF to home
|
|
Batting: RHB Caleb Bockmann
|
0-0: Ball Pat Adams steals 2nd base 1-0: Called Strike 1-1: Called Strike 1-2: Foul Ball, location: 2F 1-2: Ball 2-2: Ball 3-2: Fly out, F8 (Flyball, 78M, EV 83.1 MPH)
|
|
Batting: LHB Yasutoshi Hayashi
|
0-0: Ball 1-0: Called Strike 1-1: Foul Ball, location: 2F 1-2: Ball 2-2: Foul Ball, location: 2F 2-2: Strikes out looking
|
| Bottom of the 4th over - 2 runs, 1 hit, 2 errors, 1 left on base; West Michigan 6 - Cedar Rapids 3 |
| TOP OF THE 5TH |
|
West Michigan Whitecaps batting - Pitching for Cedar Rapids Kernels : RHP Scot Abbott
|
|
Batting: RHB German Quiroga
|
0-0: Foul Ball, location: 2F 0-1: Ball 1-1: Foul Ball, location: 2F 1-2: Foul Ball, location: 2F 1-2: Ball 2-2: Foul Ball, location: 2F 2-2: Foul Ball, location: 2F 2-2: Strikes out swinging
|
|
Batting: RHB Scott Carr
|
0-0: Called Strike 0-1: Called Strike 0-2: Strikes out swinging
|
|
Batting: LHB Steve Herrera
|
0-0: Called Strike 0-1: Ball 1-1: Foul Ball, location: 2F 1-2: Foul Ball, location: 2F 1-2: Foul Ball, location: 2F 1-2: SINGLE (Groundball, 4MD, EV 95.6 MPH)
|
|
Pitching: RHP Andrew Rich
|
|
|
Batting: RHB Yaremka Rzhevsky
|
0-0: Called Strike 0-1: Foul Ball, location: 2F 0-2: Ball 1-2: Ball 2-2: SINGLE (Line Drive, 78S, EV 108.1 MPH) Steve Herrera to second
|
|
Batting: SHB Willie Medina
|
0-0: Ball 1-0: Ball 2-0: Fly out, F7 (Flyball, 7LS, EV 91.9 MPH)
|
| Top of the 5th over - 0 runs, 2 hits, 0 errors, 2 left on base; West Michigan 6 - Cedar Rapids 3 |
| BOTTOM OF THE 5TH |
|
Cedar Rapids Kernels batting - Pitching for West Michigan Whitecaps : RHP Dave Valdez
|
|
Batting: RHB Ton van Dijk
|
0-0: Called Strike 0-1: Ball 1-1: TRIPLE (Groundball, 3L, EV 105.6 MPH)
|
|
Batting: RHB David McClellan
|
0-0: Ball 1-0: Ball 2-0: Called Strike 2-1: Fly out, F7 (Flyball, 7, EV 86.2 MPH)
|
|
Batting: LHB Tomas Espino
|
0-0: Ball 1-0: Ball Wild Pitch! Ton van Dijk scores 2-0: Ball 3-0: Base on Balls
|
|
Batting: LHB Jon Ventura
|
0-0: Ball 1-0: Ball 2-0: Ball 3-0: Base on Balls Tomas Espino to second
|
|
Batting: LHB Brian Wagner
|
0-0: Ball 1-0: Swinging Strike 1-1: Foul Ball, location: 2F 1-2: Foul Ball, location: 2F 1-2: Ball 2-2: Ball 3-2: Fielders Choice at 2nd, 1-6 (Groundball, 13S, EV 68.1 MPH) Tomas Espino to third
|
|
Batting: RHB Alexandre Garcia
|
0-0: Ball 1-0: Swinging Strike 1-1: Ball 2-1: 3-RUN HOME RUN (Flyball, 7D, EV 93.8 MPH), Distance : 362 ft
|
|
Pitching: LHP Chris Thomas
|
|
|
Batting: RHB Pat Adams
|
0-0: Called Strike 0-1: Ball 1-1: Swinging Strike 1-2: SINGLE (Line Drive, 3D, EV 94.4 MPH)
|
|
Batting: RHB Caleb Bockmann
|
0-0: Ball 1-0: Ball 2-0: Ball 3-0: Called Strike 3-1: Ground out 4-3 (Groundball, 34, EV 86.9 MPH)
|
| Bottom of the 5th over - 4 runs, 3 hits, 0 errors, 1 left on base; West Michigan 6 - Cedar Rapids 7 |
| TOP OF THE 6TH |
|
West Michigan Whitecaps batting - Pitching for Cedar Rapids Kernels : RHP Andrew Rich
|
|
Batting: LHB George Moran
|
0-0: Called Strike 0-1: Ball 1-1: Swinging Strike 1-2: Foul Ball, location: 2F 1-2: Ball 2-2: Strikes out swinging
|
|
Batting: LHB Dave Carlisle
|
0-0: Ball 1-0: Called Strike 1-1: Foul Ball, location: 2F 1-2: Ball 2-2: Foul Ball, location: 2F 2-2: Ball 3-2: Foul Ball, location: 2F 3-2: Fly out, F7 (Flyball, 7D, EV 86.9 MPH)
|
|
Batting: LHB Jamie Christian
|
0-0: Ground out 4-3 (Groundball, 4, EV 92.5 MPH)
|
| Top of the 6th over - 0 runs, 0 hits, 0 errors, 0 left on base; West Michigan 6 - Cedar Rapids 7 |
| BOTTOM OF THE 6TH |
|
Cedar Rapids Kernels batting - Pitching for West Michigan Whitecaps : LHP Chris Thomas
|
|
Batting: LHB Yasutoshi Hayashi
|
0-0: Called Strike 0-1: Foul Ball, location: 2F 0-2: Strikes out swinging
|
|
Batting: RHB Ton van Dijk
|
SINGLE, but batter called out on appeal for missing first base!
|
|
Batting: RHB David McClellan
|
0-0: Called Strike 0-1: Swinging Strike 0-2: Ball 1-2: Ball 2-2: Strikes out looking
|
| Bottom of the 6th over - 0 runs, 0 hits, 0 errors, 0 left on base; West Michigan 6 - Cedar Rapids 7 |
| TOP OF THE 7TH |
|
West Michigan Whitecaps batting - Pitching for Cedar Rapids Kernels : RHP Andrew Rich
|
|
Batting: LHB Brad Gaskill
|
0-0: Ball 1-0: Called Strike 1-1: Called Strike 1-2: Strikes out swinging
|
|
Batting: RHB German Quiroga
|
0-0: Foul Ball, location: 2F 0-1: Ball 1-1: Foul Ball, location: 2F 1-2: Strikes out swinging
|
|
Batting: RHB Scott Carr
|
0-0: Foul Ball, location: 2F 0-1: Fly out, F7 (Flyball, 7D, EV 94.4 MPH)
|
| Top of the 7th over - 0 runs, 0 hits, 0 errors, 0 left on base; West Michigan 6 - Cedar Rapids 7 |
| BOTTOM OF THE 7TH |
|
Cedar Rapids Kernels batting - Pitching for West Michigan Whitecaps : LHP Chris Thomas
|
|
Pitching: RHP Matt Sturge
|
|
|
Batting: LHB Tomas Espino
|
0-0: Ball 1-0: Ground out 4-3 (Groundball, 4MD, EV 80.0 MPH)
|
|
Batting: LHB Jon Ventura
|
0-0: Foul Ball, location: 2F 0-1: Ball 1-1: Ball 2-1: Fly out, F3 (Line Drive, 3L, EV 70.0 MPH)
|
|
Batting: LHB Brian Wagner
|
0-0: Called Strike 0-1: Called Strike 0-2: Ball 1-2: Ground out U3 (Groundball, 34, EV 104.4 MPH)
|
| Bottom of the 7th over - 0 runs, 0 hits, 0 errors, 0 left on base; West Michigan 6 - Cedar Rapids 7 |
| TOP OF THE 8TH |
|
West Michigan Whitecaps batting - Pitching for Cedar Rapids Kernels : RHP Andrew Rich
|
|
Batting: LHB Steve Herrera
|
0-0: Called Strike 0-1: Called Strike 0-2: SINGLE (Line Drive, 8LS, EV 112.5 MPH)
|
|
Batting: RHB Yaremka Rzhevsky
|
0-0: Sac Bunt to 3S - play at first, batter OUT! 3-1 Steve Herrera to second
|
|
Batting: SHB Willie Medina
|
0-0: Called Strike 0-1: Foul Ball, location: 2F 0-2: Ground out 5-3 (Groundball, 5, EV 89.4 MPH)
|
|
Pitching: LHP Mark Challinor
|
|
|
Pinch Hitting: RHB Jon Goldstein
|
0-0: Swinging Strike 0-1: Ball 1-1: Foul Ball, location: 2F 1-2: Ball 2-2: Foul Ball, location: 2F 2-2: Ball 3-2: Strikes out swinging
|
| Top of the 8th over - 0 runs, 1 hit, 0 errors, 1 left on base; West Michigan 6 - Cedar Rapids 7 |
| BOTTOM OF THE 8TH |
|
Cedar Rapids Kernels batting - Pitching for West Michigan Whitecaps : RHP Matt Sturge
|
|
Now in LF: Willie Medina
|
|
|
Now in CF: Joe Zimmerman
|
|
|
Batting: RHB Alexandre Garcia
|
0-0: Ground out 1-3 (Groundball, 13S, EV 68.8 MPH)
|
|
Batting: RHB Pat Adams
|
0-0: Ball 1-0: Ball 2-0: Foul Ball, location: 2F 2-1: Ground out 6-3 (Groundball, 6, EV 99.4 MPH)
|
|
Batting: RHB Caleb Bockmann
|
0-0: Ball 1-0: Swinging Strike 1-1: Swinging Strike 1-2: Strikes out looking
|
| Bottom of the 8th over - 0 runs, 0 hits, 0 errors, 0 left on base; West Michigan 6 - Cedar Rapids 7 |
| TOP OF THE 9TH |
|
West Michigan Whitecaps batting - Pitching for Cedar Rapids Kernels : LHP Mark Challinor
|
|
Pitching: RHP Steven Legge
|
|
|
Now at 1B: Jeremy Witt
|
|
|
Now at 2B: Rick Kendall
|
|
|
Now at SS: David McClellan
|
|
|
Now in LF: Steve Terrell
|
|
|
Batting: LHB Dave Carlisle
|
0-0: Fly out, F7 (Flyball, 7S, EV 92.5 MPH)
|
|
Batting: LHB Jamie Christian
|
0-0: Called Strike 0-1: Ground out 4-3 (Groundball, 34, EV 80.0 MPH)
|
|
Batting: LHB Brad Gaskill
|
0-0: Called Strike 0-1: Called Strike 0-2: Ground out 4-3 (Groundball, 4M, EV 86.2 MPH)
|
| Top of the 9th over - 0 runs, 0 hits, 0 errors, 0 left on base; West Michigan 6 - Cedar Rapids 7 |
|